 Dungeon Crawl Stone Soup version 0.31-a0-924-ge39a22a033 (webtiles) character file.

Game seed: 10991669387839920659

123 BinkBink the Chopper (level 4, -2/37 HPs)
             Began as a Demonspawn Berserker on Oct 18, 2023.
             Was a Believer of Trog.
             Killed from afar by Natasha (9 damage)
             ... with a magic dart
             ... on level 2 of the Dungeon.
             The game lasted 00:01:49 (1742 turns).

BinkBink the Chopper (Demonspawn Berserker)         Turns: 1742, Time: 00:01:50

Health: -2/37      AC:  2    Str: 19    XL:     4   Next: 79%
Magic:  4/4        EV: 17    Int:  8    God:    Trog [**....]
Gold:   94         SH:  0    Dex: 13    Spells: 3/3 levels left

rFire   . . .        a - +0 hand axe
rCold   . . .        (no shield)
rNeg    . . .        b - +0 animal skin
rPois   .            (no helmet)
rElec   .            (no cloak)
rCorr   .            (no gloves)
SInv    .            (no boots)
Will    .....        (no amulet)
Stlth   +            (no ring)
HPRegen 0.26/turn    (no ring)
MPRegen 0.09/turn

%: no passive effects
@: mighty, agile
A: powered by pain 1, weakness stinger 1
a: Renounce Religion, Berserk, Trog's Hand


You were on level 2 of the Dungeon.
You worshipped Trog.
Trog was pleased with you.
You visited 1 branch of the dungeon, and saw 2 of its levels.

You collected 94 gold pieces.

Inventory:

Hand Weapons
 a - a +0 hand axe (weapon)
Armour
 b - a +0 animal skin (worn)
Jewellery
 c - a ring of positive energy
Scrolls
 d - 2 scrolls of fear {unknown}
 e - 2 scrolls of teleportation {unknown}
 f - a scroll of torment {unknown}
 h - 2 scrolls of noise {unknown}
 i - a scroll of enchant weapon {unknown}
 l - a scroll of identify {unknown}
Potions
 g - a potion of attraction {unknown}
 j - a potion of mutation {unknown}
 k - 2 potions of lignification {unknown}
 m - a potion of haste {unknown}
 n - 2 potions of might {unknown}


   Skills:
 + Level 3.7 Fighting
 * Level 4.0 Axes
 - Level 2.0 Armour
 + Level 2.6 Dodging


You had 3 spell levels left.
You didn't know any spells.
Your spell library was empty.

Dungeon Overview and Level Annotations

Branches:
Dungeon (2/15)

Altars:

Annotations:
D:2 Natasha


Innate Abilities, Weirdness & Mutations

You sometimes gain a little power by taking damage.
You have a small tail.


Message History

You see here a jackal corpse.
There is a stone staircase leading down here.
Things that are here:
a +0 short sword; 3 stones You see here a +0 club.
Done exploring.
Done exploring.
Done exploring.
Done exploring.
Natasha, Servant of Life and Death comes into view.
She is carrying a wand of flame.
Natasha is nearby!
Natasha hisses angrily.
There is a stone staircase leading down here.
Natasha zaps a wand.
The puff of flame hits you!
Natasha zaps a wand.
The puff of flame hits you!
You focus on the pain.
You feel very mighty all of a sudden. Natasha claws you.
You are too injured to fight recklessly!
You are too injured to fight recklessly!
You are too injured to fight recklessly!
You are too injured to fight recklessly!
You are too injured to fight recklessly!
You slash Natasha!
You kill Natasha!
Trog accepts your kill.
Trog appreciates your killing of a magic user.
Natasha yowls pathetically as she dies!
Your Axes skill increases to level 4!
You start resting.
Natasha, Servant of Life and Death comes into view.
She is carrying a wand of flame.
Natasha claws you!
You focus on the pain.
You feel agile all of a sudden.
You closely miss Natasha.
Natasha zaps a wand.
The puff of flame hits you!
* * * LOW HITPOINT WARNING * * *
You barely miss Natasha.
Your tail-slap misses Natasha.
Natasha misses you.
You closely miss Natasha. Natasha casts a spell at you.
The magic dart hits you!
You die...
Natasha begins licking her fur clean.

.#......#.÷##........# #......##
....#............##### ####.###
.##.##.#####...### #.# .##.##.#
#...#############.## .......#
#...#..)...........###
###.########...#...###..#.....#..
....###........).#..##..#.###.#..
#..............h###.##..#........
#.#>###.........@#..##..#........
.†..# #####....#†...##..#..##....
.##.# #..........<>..........##
.##.# #.#####..##.#####....#.#
....# #.# #..##.######.#.#.#
.#### #.# #..##........#.#.#
.########.# #..#########.....##
.##.......#####.## #........
.##.#####.......# #.##..(##


You could see Natasha.

Vanquished Creatures
  Natasha (twice) (D:2)
  2 adders (D:2)
  A worm (D:2)
  A dart slug (D:1)
  4 endoplasms
  7 goblins
  4 hobgoblins
  8 jackals
  2 quokkas
  4 ball pythons
  3 bats
  4 kobolds
  5 rats (D:1)
47 creatures vanquished.

Notes
Turn   | Place    | Note
-------+----------+-------------------------------------------
     0 | D:1      | BinkBink the Demonspawn Berserker began the quest for the
                  | Orb.
     0 | D:1      | Reached XP level 1. HP: 18/18 MP: 1/1
    87 | D:1      | Gained mutation: You sometimes gain a little power by
                  | taking damage. [demonic ancestry]
    87 | D:1      | Reached XP level 2. HP: 21/24 MP: 2/2
   114 | D:1      | Reached skill level 3 in Axes
   438 | D:1      | Reached ** piety under Trog
   657 | D:1      | Reached XP level 3. HP: 23/29 MP: 3/3
  1277 | D:2      | Noticed Natasha
  1282 | D:2      | Killed Natasha
  1283 | D:2      | Gained mutation: You have a small tail. [demonic ancestry]
  1283 | D:2      | Reached XP level 4. HP: 20/35 MP: 4/4
  1712 | D:2      | Noticed Natasha
  1717 | D:2      | Killed Natasha
  1718 | D:2      | Reached skill level 4 in Axes
  1738 | D:2      | Noticed Natasha
  1742 | D:2      | Killed from afar by Natasha

Illustrated notes

Levels and vault maps discovered:
D:1:      dpeg_arrival_court, layout_loops_ring, minmay_pentomino_r4
D:2:      layout_loops_cross, uniq_natasha

Skill      XL: |  1  2  3  4 |
---------------+-------------+-----
Axes           | 3 4 |  4.0
Armour         | 2 |  2.0
Dodging        | 2 |  2.6
Fighting       | |  3.7

Action                     |  1- 3 |  4- 6 || total
---------------------------+-------+-------++-------
  Melee: Hand axe          |   104 |    35 ||   139
         Punch             |     1 |     1 ||     2
         Tailslap          |       |     2 ||     2
   Stab: Sleeping          |     1 |       ||     1
 Armour: Animal skin       |    55 |    20 ||    75
  Dodge: Dodged            |    60 |    20 ||    80

Table legend: (Time is in decaauts)
 A = Elapsed time spent in this place.
 B = Non-inter-level travel time spent in this place.
 C = Inter-level travel time spent in this place.
 D = Time resting spent in this place.
 E = Time spent auto-exploring this place.
 F = Levels seen in this place.
 G = Mean time per level.
                   A        B        C        D        E       F      G
               +--------+--------+--------+--------+--------+-----+--------+
         Total |   1760 |   1726 |     34 |     21 |   1401 |   2 |  880.0 |
       Dungeon |   1760 |   1726 |     34 |     21 |   1401 |   2 |  880.0 |
               +--------+--------+--------+--------+--------+-----+--------+

Top non-repeatable levels by time:
     D:2: 903 daAuts
     D:1: 856 daAuts
